 Dungeon Crawl Stone Soup version 0.25.0-33-gff14898491 (console) character file.

Game seed: 456368086315867405

13 Colgate the Ruffian (level 2, -1/25 HPs)
             Began as a Naga Transmuter on July 7, 2020.
             Slain by a kobold
             ... wielding a +0 dagger
              (3 damage)
             ... on level 1 of the Dungeon.
             The game lasted 00:05:45 (551 turns).

Colgate the Ruffian (Naga Transmuter)                Turns: 551, Time: 00:05:45

Health: -1/25      AC:  1    Str: 12    XL:     2   Next: 37%
Magic:  5/5        EV: 10    Int: 13    God:
Gold:   51         SH:  0    Dex: 11    Spells: 4/5 levels left

rFire    . . .     SeeInvis +     - Unarmed
rCold    . . .     Gourm    .   (no shield)
rNeg     . . .     Faith    .   b - +0 robe
rPois    +         Spirit   .   (no helmet)
rElec    .         Reflect  .   (no cloak)
rCorr    .         Harm     .   (no gloves)
MR       .....                  (no barding)
Stlth    +.........             (no amulet)
HPRegen  0.08/turn              e - ring of see invisible
MPRegen  0.09/turn              (no ring)

@: very slow
A: large, see invisible, deformed body, poison resistance, slowness 2, slow
metabolism 1, spit poison 1, AC +0
a: Spit Poison


You were on level 1 of the Dungeon.
You were not hungry.

You visited 1 branch of the dungeon, and saw 1 of its levels.

You collected 51 gold pieces.

Inventory:

Missiles
 a - 12 arrows
Armour
 b - a +0 robe (worn)
Jewellery
 e - a ring of see invisible (left hand)
Scrolls
 f - a scroll of amnesia {unknown}
 g - a scroll of random uselessness {unknown}
Potions
 h - a potion of might {unknown}
Comestibles
 d - a ration


   Skills:
 - Level 1.0 Fighting
 - Level 1.5 Dodging
 + Level 3.7 Unarmed Combat
 - Level 2.0 Spellcasting
 - Level 2.0 Transmutations


You had 4 spell levels left.
You knew the following spells:

 Your Spells              Type           Power        Failure   Level  Hunger
a - Beastly Appendage     Tmut           #.....       11%         1    ##.....

Your spell library contained the following spells:

 Spells                   Type           Power        Failure   Level  Hunger
 Sticks to Snakes         Tmut           #.......     17%         2    ###....
 Spider Form              Tmut/Pois      #.........   45%         3    ####...
 Ice Form                 Ice/Tmut       #.......     86%         4    #####..
 Blade Hands              Tmut           #.........   97%         5    ######.


Dungeon Overview and Level Annotations

Branches:
Dungeon (1/15)

Altars:


Innate Abilities, Weirdness & Mutations

You cannot wear boots.
Your serpentine skin is tough. (AC +0)
You have supernaturally acute eyesight. (SInv)
Armour fits poorly on your strangely shaped body.
Your system is resistant to poisons. (rPois)
You cover ground very slowly.
You have a slow metabolism.
You can spit poison.


Message History

The rat bites you.
* * * LOW HITPOINT WARNING * * *
The rat twitches its whiskers.
The kobold closely misses you.
You see here 13 gold pieces.
The rat closely misses you. The rat barely misses you.
The kobold hits you but does no damage. The kobold closely misses you.
The rat closely misses you. The rat barely misses you.
The kobold closely misses you.
The rat twitches its whiskers.
The rat barely misses you. The kobold completely misses you.
You barely miss the kobold. The rat closely misses you.
The kobold hits you but does no damage.
You closely miss the kobold. The rat bites you.
* * * LOW HITPOINT WARNING * * *
The kobold misses you.
You closely miss the kobold. The rat bites you.
* * * LOW HITPOINT WARNING * * *
The kobold hits you with a +0 dagger.
You die...

#####......##.
######.........
..........#####
######.....##
##.......##
#.........#
+.........+
#.........#
##.......##
##.Kr..##
##@..## ##+##


You could see a kobold and a rat.

Vanquished Creatures
  A dart slug (D:1)
  2 hobgoblins (D:1)
  2 jackals (D:1)
  A bat (D:1)
  A frilled lizard (D:1)
  3 kobolds (D:1)
  A rat (D:1)
11 creatures vanquished.

Notes
Turn   | Place    | Note
-------+----------+-------------------------------------------
     0 | D:1      | Colgate the Naga Transmuter began the quest for the Orb.
     0 | D:1      | Reached XP level 1. HP: 18/18 MP: 3/3
   211 | D:1      | Reached XP level 2. HP: 17/25 MP: 5/5
   551 | D:1      | Slain by a kobold

Illustrated notes

Levels and vault maps discovered:
D:1:      lemuel_arrival_broad_hall, layout_loops_corners,
          chequers_serial_rivers_micro_c, minmay_pentomino_u2

Action                   || total
-------------------------++-------
Melee: Unarmed           ||    52
       Headbutt          ||     3
       Punch             ||     1
 Cast: Beastly Appendage ||     3
 Abil: Spit Poison       ||     2
Armor: Robe              ||     8
Dodge: Dodged            ||    53
